 Dungeon Crawl Stone Soup version 0.32-a0-868-g153ae1a8d6 (webtiles) character file.

Game seed: 3799837087522364545

17876 jestert79 the Severer (level 12, -2/96 HPs)
             Began as a Coglin Fighter on Mar 27, 2024.
             Was a High Priest of Beogh.
             Killed from afar by a green death (15 damage)
             ... with a bolt of poison
             ... in a Gauntlet on Mar 28, 2024.
             The game lasted 00:34:12 (11155 turns).

jestert79 the Severer (Coglin Fighter)             Turns: 11155, Time: 00:34:13

Health: -2/96      AC: 19    Str: 21    XL:     12   Next: 52%
Magic:  12/12      EV:  9    Int:  7    God:    Beogh [*****.]
Gold:   1200       SH:  0    Dex: 21    Spells: 11/11 levels left

rFire   + . .        r - +7 war axe "Killer Klown's Foe" {heavy, rElec Dex+6}
rCold   + . .        w - +5 hand axe "Etuuha" {flame, Will++}
rNeg    . . .        o - +2 scale mail {rPois}
rPois   +            K - +2 hat {Will+}
rElec   +            E - +0 cloak
rCorr   +            i - +1 pair of gloves
SInv    .            h - +2 pair of boots {Fly}
Will    +++..        (amulet unavailable) Stlth
                     (ring unavailable)
HPRegen 0.36/turn    (ring unavailable)
MPRegen 0.13/turn    (no gizmo)

%: no teleportation
@: lethally poisoned (-2 -> -23), resistant, flying, studying Polearms, revving
A: walk on water, off-hand wielding, slow wielding, warmup strikes, no jewellery
a: Invent Gizmo, Renounce Religion, Smiting, Recall Apostles, Blood for Blood,
Dismiss Koronagh, warrior, Dismiss Syrus, priest, Dismiss Bogbarth, priest


You were in a Gauntlet.
You worshipped Beogh.
Beogh was extremely pleased with you.
You visited 2 branches of the dungeon, and saw 12 of its levels.
You also visited: Ossuary, Bailey and Gauntlet.

You collected 1200 gold pieces.

Inventory:

Hand Weapons
 a - a +1 heavy war axe {Kulveer}
 r - the +7 war axe "Killer Klown's Foe" (weapon) {heavy, rElec Dex+6}
   (You found it on level 5 of the Dungeon)

   Dex+6:     It affects your dexterity (+6).
   rElec:     It insulates you from electricity.
 w - the +5 hand axe "Etuuha" (offhand) {flame, Will++}
   (You found it on level 9 of the Dungeon)

   Will++:    It greatly increases your willpower.
 J - the +9 falchion "Arbiter" {freeze, MP+9}
   (You found it in a Gauntlet)

   MP+9:      It affects your magic capacity (+9).
Missiles
 y - 2 silver javelins (quivered)
Armour
 h - a +2 pair of boots of flying (worn)
 i - a +1 pair of gloves (worn)
 o - a +2 scale mail of poison resistance (worn)
 E - a +0 cloak (worn)
 K - a +2 hat of willpower (worn)
Wands
 b - a wand of digging (12)
 p - a wand of flame (9)
 v - a wand of mindburst (5)
 F - a wand of quicksilver (15)
 G - a wand of warping (14)
Scrolls
 c - a scroll of amnesia
 k - 2 scrolls of revelation
 l - 5 scrolls of teleportation
 n - 3 scrolls of enchant weapon
 q - 2 scrolls of poison
 s - 2 scrolls of summoning
 I - 2 scrolls of blinking
 L - a scroll of immolation {unknown}
Potions
 d - 3 potions of might
 e - a potion of ambrosia
 f - a potion of degeneration {unknown}
 g - 4 potions of enlightenment
 j - a potion of mutation {unknown}
 m - 2 potions of magic
 t - a potion of berserk rage {unknown}
 u - 3 potions of resistance
 x - 4 potions of curing
 z - a potion of invisibility
 A - 2 potions of haste {unknown}
 B - a potion of cancellation {unknown}
 C - 2 potions of lignification
 D - a potion of attraction {unknown}
 H - 4 potions of brilliance


   Skills:
 + Level 9.6 Fighting
 + Level 15.3 Axes
 + Level 8.6 Armour
 - Level 2.1 Shields
 - Level 5.0 Evocations


You had 11 spell levels left.
You didn't know any spells.
Your spell library contained the following spells:

 Spells                   Type           Power      Damage    Failure   Level
 Jinxbite                 Hex            0%         N/A       86%         2
 Inner Flame              Hex/Fire       0%         N/A       97%         3
 Flame Wave               Conj/Fire      0%         2d4       100%        4
 Sticky Flame             Fire/Alch      0%         2d4       100%        4
 Yara's Violent Unravell  Hex/Alch       0%         3d3       100%        5
 Conjure Ball Lightning   Conj/Air       0%         3x3d6     100%        6
 Enfeeble                 Hex            0%         N/A       100%        7
 Discord                  Hex            0%         N/A       100%        8
 Disjunction              Tloc           0%         N/A       100%        8


Dungeon Overview and Level Annotations

Branches:
Dungeon (10/15)            Temple (0/1) D:5            Lair (2/5) D:8
  Snake (0/4) Lair:2          Orc (0/2) D:10        Ossuary (visited)
 Bailey (visited)         Gauntlet (1/1)
  Swamp: Lair:2-3    Shoals: Lair:2-3

Altars:
Dithmenos
Okawaru
Trog
Wu Jian
Xom

Shops:
D:6 (

Annotations:
D:6 3 runed translucent doors, dogverified's ghost, novice MfSh
D:7 1 runed translucent door, jasper's ghost, novice DsFi Gauntlet 9 transporters, 18 runed translucent doors


Innate Abilities, Weirdness & Mutations

You can walk on water.
Your facial features are unmistakably orcish.
You can wield a second weapon in your off-hand.
It takes a long time for you to wield or remove held weapons.
Your first few attacks do less damage.
You cannot equip rings or amulets.


Message History

You hit the green death with the +5 hand axe "Etuuha".
You burn the green death.
You feel very sick.
Syrus is engulfed in poison gas.
Syrus looks even sicker.
The green death hits you!
Bogbarth looks even sicker.
Bogbarth invokes the aid of Beogh against the green death.
The green death is smitten.
Koronagh is engulfed in poison gas.
Koronagh looks even sicker.
You hit the green death with the +5 hand axe "Etuuha".
You burn the green death.
The green death is heavily wounded.
You slash the green death with the +7 war axe "Killer Klown's Foe"!
Your followers are invigorated by your prowess.
You feel very sick.
Syrus is engulfed in poison gas.
Syrus looks as sick as possible!
The green death gestures at you. The poison arrow hits you!
You are more poisoned.
You partially resist.
* * * LOW HITPOINT WARNING * * *
Bogbarth is engulfed in poison gas.
Bogbarth looks as sick as possible!
Unknown command.
You slice the green death with the +7 war axe "Killer Klown's Foe"!!
The green death is almost dead.
You hit the green death but do no damage.
* * * LOW HITPOINT WARNING * * *
You feel very sick.
Koronagh is engulfed in poison gas.
Koronagh looks as sick as possible!
The green death hits you but does no damage.
Unknown command.
* * * LOW HITPOINT WARNING * * *
You feel extremely sick. The green death gestures at you.
The bolt of poison hits you! You resist.
You die...

###≈#≈#≈#≈#≈#############§#§
#≈..............ß.∩.ß....§§§
##........................§.
#≈..#########.#########.####
##..#°°[©.".#.#.=.©?[.#.#.#b
#≈..#..####.#.#.#.#.#.#.#.#b
##..#.#°..#.#.#^.....^#.#..#
#≈..#.#.©o#.#.#Y#.©.#.#.##..
##..#.#°oo#@#.#p.....^#.##..
#≈..#.####°.#.#Yß.ß.⌠.#.#.##
##..#......2#.#YY.....#.#h..
#≈..########################
###...#.©.........©.........
#≈...#...........©.........
###..######################
#≈.........#....©....#....
###........#.........#..§.


You could see 4 death yaks, a green death and a necromancer.

Vanquished Creatures
  A boulder beetle (D:10)
  A two-headed ogre (D:10)
  A sixfirhy (Gauntlet)
  A fire crab (Gauntlet)
  Pikel (D:9)
  A black mamba (Lair:1)
  4 cane toads (Lair:1)
  4 komodo dragons
  A hornet (D:9)
  A shadow (D:10)
  2 wyverns (D:8)
  Sigmund (D:3)
  A wraith (D:10)
  2 basilisks (D:8)
  4 yaks (Lair:1)
  A fire bat (Gauntlet)
  A steam dragon (D:8)
  2 acid dragons
  2 water moccasins
  2 ice beasts
  A black bear (D:7)
  8 orc warriors
  3 hornet zombies (D:7)
  2 ogres
  4 centaurs
  3 bullfrogs
  A scorpion (D:6)
  2 wyvern zombies (D:7)
  A gnoll sergeant (D:6)
  A water moccasin zombie (Ossuary)
  12 wights (D:7)
  A burial acolyte (Ossuary)
  21 killer bees
  3 howler monkeys (D:10)
  A bombardier beetle (D:6)
  4 bullfrog zombies (D:7)
  4 centaur zombies (D:7)
  4 crimson imps (D:7)
  3 hounds
  7 orc priests
  A jelly (D:6)
  4 sleepcaps
  4 iguanas
  4 orc wizards
  2 killer bee zombies (D:7)
  A crocodile zombie (Ossuary)
  A bullfrog simulacrum (Ossuary)
  A howler monkey zombie (D:7)
  2 mummies (Ossuary)
  4 adders
  7 gnolls (D:6)
  3 white imps
  2 ufetubi (Gauntlet)
  4 adder zombies (Ossuary)
  A ribbon worm (D:2)
  13 orcs
  3 bats
  5 endoplasms
  A giant cockroach (D:3)
  13 gnoll zombies (Ossuary)
  6 goblins
  8 hobgoblins
  3 kobolds
  2 quokkas (D:2)
  4 ball pythons
  6 frilled lizards
  3 jackal zombies (Ossuary)
  3 orc zombies (Ossuary)
  3 rats
234 creatures vanquished.

Vanquished Creatures (collateral kills)
  Gastronok (Lair:1)
  2 boulder beetles
  An orc knight (Bailey)
  A cane toad (Lair:1)
  A komodo dragon (D:8)
  A yak (Lair:1)
  2 fire bats (Gauntlet)
  A wyvern (D:8)
  A basilisk (D:8)
  A steam dragon (D:8)
  3 water moccasins (Lair:1)
  A bullfrog (D:8)
  A wyvern zombie (D:7)
  A scorpion (D:7)
  4 wights (D:7)
  A water moccasin zombie (D:7)
  3 killer bees
  2 crimson imps (D:7)
  A bullfrog zombie (D:7)
  A centaur zombie (D:7)
  An orc wizard (D:8)
  A white imp (D:7)
  2 ufetubi (Gauntlet)
  An orc (D:7)
  5 kobolds (Bailey)
40 creatures vanquished.

Vanquished Creatures (others)
  An orc priest (D:7)
  2 orcs
  A goblin (Bailey)
  4 kobolds (Bailey)
8 creatures vanquished.

Grand Total: 282 creatures vanquished

Notes
Turn   | Place    | Note
-------+----------+-------------------------------------------
     0 | D:1      | jestert79 the Coglin Fighter began the quest for the Orb.
     0 | D:1      | Reached XP level 1. HP: 18/18 MP: 1/1
   122 | D:1      | Reached XP level 2. HP: 24/24 MP: 2/2
   480 | D:1      | Reached skill level 3 in Axes
   904 | D:2      | Reached XP level 3. HP: 17/29 MP: 3/3
   906 | D:2      | Became a worshipper of Beogh the Shepherd
   974 | D:2      | Reached skill level 4 in Axes
  1373 | D:3      | Noticed Sigmund
  1457 | D:3      | Reached XP level 4. HP: 35/35 MP: 4/4
  1471 | D:3      | Killed Sigmund
  1472 | D:3      | Reached skill level 5 in Axes
  1472 | D:3      | Reached XP level 5. HP: 19/41 MP: 5/5
  1891 | D:4      | Reached skill level 6 in Axes
  1891 | D:4      | Reached XP level 6. HP: 46/47 MP: 6/6
  1942 | D:4      | You fall into a shaft and drop 2 floors!
  1946 | D:5      | Entered Level 5 of the Dungeon
  2025 | D:5      | Identified the +2 short sword of Dividends {heavy, Int+2}
  2032 | D:5      | Noticed an ice beast
  2041 | D:5      | Killed an ice beast
  2042 | D:5      | Reached skill level 7 in Axes
  2053 | D:5      | Identified the +7 war axe "Killer Klown's Foe" {heavy,
                  | rElec Dex+6}
  2104 | D:5      | Found a sand-covered staircase.
  2108 | Ossuary  | Entered an ossuary
  2121 | Ossuary  | Reached XP level 7. HP: 52/52 MP: 7/7
  2129 | Ossuary  | Reached * piety under Beogh
  2205 | Ossuary  | Reached skill level 8 in Axes
  2384 | D:5      | Found a bloodstained altar of Trog.
  2433 | D:5      | Found a staircase to the Ecumenical Temple.
  2522 | D:5      | Reached ** piety under Beogh
  2538 | D:5      | Reached skill level 9 in Axes
  2538 | D:5      | Reached XP level 8. HP: 34/58 MP: 8/8
  2928 | D:6      | Found a runed translucent gate.
  2928 | D:6      | Found a runed translucent gate.
  2928 | D:6      | Found a runed translucent gate.
  2994 | D:6      | Reached skill level 10 in Axes
  3105 | D:6      | Found Wewuak's Weapon Shop.
  3313 | D:6      | Found a shadowy altar of Dithmenos.
  3316 | D:6      | Found an iron altar of Okawaru.
  3352 | D:6      | Noticed dogverified's ghost (novice MfSh)
  3571 | D:7      | Reached skill level 11 in Axes
  3572 | D:7      | Reached XP level 9. HP: 37/63 MP: 9/9
  3744 | D:7      | Noticed a +1 hand axe of chaos
  3744 | D:7      | Noticed jasper's ghost (novice DsFi)
  3744 | D:7      | Found a runed translucent door.
  3744 | D:7      | Found a shimmering altar of Xom.
  3759 | D:7      | Reached skill level 12 in Axes
  3834 | D:7      | Reached *** piety under Beogh
  3858 | D:7      | Noticed Koronagh
  3870 | D:7      | Anointed Koronagh the warrior as your apostle
  4121 | D:7      | Reached skill level 13 in Axes
  4364 | D:7      | Reached XP level 10. HP: 55/71 MP: 10/10
  4526 | D:7      | Noticed Syrus
  4534 | D:7      | Anointed Syrus the priest as your apostle
  4678 | D:7      | Reached skill level 5 in Fighting
  5093 | D:8      | Found a flagged portal.
  5101 | Bailey   | Entered a bailey
  5129 | Bailey   | Identified the +0 robe of Bad Feelings {^Drain rPois Str+5}
  5135 | Bailey   | Reached **** piety under Beogh
  5352 | Bailey   | Noticed an orc knight
  5361 | Bailey   | Killed an orc knight
  5362 | Bailey   | Reached skill level 5 in Armour
  5913 | D:8      | Noticed a boulder beetle
  5929 | D:8      | Killed a boulder beetle
  5930 | D:8      | Reached skill level 14 in Axes
  6214 | D:8      | Reached XP level 11. HP: 83/83 MP: 11/11
  6475 | D:8      | Found a staircase to the Lair.
  7343 | D:9      | Noticed Pikel
  7345 | D:9      | Killed Pikel
  7593 | D:9      | Identified the +5 hand axe "Etuuha" {flame, Will++}
  8062 | D:10     | Entered Level 10 of the Dungeon
  8127 | D:10     | Found an ornate altar of the Wu Jian Council.
  8475 | D:10     | Noticed a two-headed ogre
  8481 | D:10     | Killed a two-headed ogre
  8519 | D:10     | Noticed Bogbarth
  8525 | D:10     | Anointed Bogbarth the priest as your apostle
  8833 | D:10     | Found a staircase to the Orcish Mines.
  8909 | D:10     | Noticed a boulder beetle
  8919 | D:10     | Killed a boulder beetle
  9294 | Lair:1   | Entered Level 1 of the Lair of Beasts
  9299 | Lair:1   | Upgraded the game from 0.32-a0-859-gb0a091d592 to
                  | 0.32-a0-868-g153ae1a8d6
  9353 | Lair:1   | Noticed a boulder beetle
  9363 | Lair:1   | Killed a boulder beetle
  9459 | Lair:1   | Reached skill level 1 in Evocations
  9668 | Lair:1   | Noticed Gastronok
  9674 | Lair:1   | Killed Gastronok
  9675 | Lair:1   | Reached skill level 15 in Axes
  9675 | Lair:1   | Reached XP level 12. HP: 94/94 MP: 12/12
 10416 | Lair:1   | Found the +8 whip "Snakebite" {venom, curare, rPois}
 10742 | Lair:2   | Found a gate leading to a gauntlet.
 10746 | Gauntlet | Entered a Gauntlet
 10746 | Gauntlet | Found a transporter.
 10746 | Gauntlet | Found a transporter.
 10746 | Gauntlet | Found a runed translucent door.
 10746 | Gauntlet | Found a runed translucent door.
 10768 | Gauntlet | Found a transporter.
 10778 | Gauntlet | Found a large runed translucent door.
 10779 | Gauntlet | Found a large runed translucent door.
 10780 | Gauntlet | Found a large runed translucent door.
 10780 | Gauntlet | Found a large runed translucent door.
 10780 | Gauntlet | Found a large runed translucent door.
 10780 | Gauntlet | Found a large runed translucent door.
 10780 | Gauntlet | Found a large runed translucent door.
 10780 | Gauntlet | Found a large runed translucent door.
 10781 | Gauntlet | Found a runed translucent door.
 10781 | Gauntlet | Found a runed translucent gate.
 10782 | Gauntlet | Found a transporter.
 10782 | Gauntlet | Found a runed translucent gate.
 10782 | Gauntlet | Found a transporter.
 10782 | Gauntlet | Found a transporter.
 10785 | Gauntlet | Found a transporter.
 10785 | Gauntlet | Found a transporter.
 10786 | Gauntlet | Noticed a green death
 10800 | Gauntlet | Found a transporter.
 10816 | Gauntlet | Found a transporter.
 10816 | Gauntlet | Noticed a death yak
 10816 | Gauntlet | Noticed a death yak
 10817 | Gauntlet | Noticed a death yak
 10818 | Gauntlet | Noticed a death yak
 10826 | Gauntlet | Found a transporter.
 10826 | Gauntlet | Noticed a hell hog
 10843 | Gauntlet | Found a transporter.
 10855 | Gauntlet | Found a large runed translucent door.
 10856 | Gauntlet | Found a large runed translucent door.
 10857 | Gauntlet | Found a large runed translucent door.
 10857 | Gauntlet | Found a large runed translucent door.
 10857 | Gauntlet | Found a large runed translucent door.
 10857 | Gauntlet | Found a large runed translucent door.
 10858 | Gauntlet | Found a runed translucent gate.
 10858 | Gauntlet | Found a large runed translucent door.
 10858 | Gauntlet | Found a runed translucent door.
 10858 | Gauntlet | Found a large runed translucent door.
 10863 | Gauntlet | Found a transporter.
 10876 | Gauntlet | Found a transporter.
 11120 | Gauntlet | Reached ***** piety under Beogh
 11121 | Gauntlet | Reached skill level 5 in Evocations
 11127 | Gauntlet | Identified the +9 falchion "Arbiter" {freeze, MP+9}
 11155 | Gauntlet | Killed from afar by a green death

Illustrated notes

Levels and vault maps discovered:
D:1:      ldierk_walled_garden_2, layout_basic, hangedman_decor_clover_reticule,
          serial_park_tiny_1, minivault_19, minivault_23, minmay_misc_feat_tower
D:2:      layout_basic
D:3:      layout_rooms, uniq_sigmund
D:4:      layout_gridville, uniq_pargi
D:5:      layout_rooms, mainiacjoe_overflow_brackets,
          minmay_temple_entry_antechambers, enter_ossuary_5, minmay_liquid_box,
          corexii_corridor_pit, serial_bayou_pond_c, nicolae_zen_rock_garden
D:6:      layout_rooms, mainiacjoe_overflow_catch_the_wave, serial_shops, shop,
          gammafunk_ghost_icy
D:7:      layout_basic, serial_undead, serial_undead_e, serial_undead_c,
          serial_undead_c, serial_undead_a, serial_undead_b, serial_undead_d,
          serial_undead_d, serial_undead_d, serial_undead_c, serial_undead_f,
          ebering_ghost_xom, minmay_nine_imps
D:8:      layout_gridville, erik_lair_dragon, enter_bailey_4,
          minmay_manual_mandibuliform
D:9:      layout_stronghold, uniq_pikel
D:10:     layout_grid_maze, lemuel_crystal_altar, orc_0_dummy,
          grunt_decor_clamped
Lair:1:   minmay_guarded_unrand_snakebite, layout_layer_cave, uniq_gastronok
Lair:2:   layout_cave_pods, nicolae_snake_entry_warm_welcome,
          gauntlet_entry_generic, basic_altar, minivault_23,
          chequers_serial_rivers_micro_e, uniq_urug, uniq_amaemon, uniq_erica
Gauntlet: gammafunk_gauntlet_mixed_choke_point
          [minmay_gauntlet_arena_77_block_sizes,
          minmay_gauntlet_arena_77_shame_cube,
          minmay_gauntlet_arena_77_double_cross,
          minmay_gauntlet_arena_make_your_own_arena,
          minmay_gauntlet_arena_77_box, minmay_gauntlet_arena_77_museum,
          minmay_gauntlet_arena_77_squiggly, gauntlet_exit_hidden_loot]

Skill      XL: |  1  2  3  4  5  6  7  8  9 10 11 12 |
---------------+-------------------------------------+-----
Axes           | 3 4 5 6 7 9 11 13 14 15 | 15.3
Armour         | 3 6 8 |  8.6
Fighting       | 4 6 8 9 |  9.6
Evocations     | 2 5 |  5.0
Shields        | |  2.1

Action                     |  1- 3 |  4- 6 |  7- 9 | 10-12 || total
---------------------------+-------+-------+-------+-------++-------
  Melee: War axe           |    56 |    54 |   268 |   244 ||   622
         Short sword       |    40 |       |       |       ||    40
         Mace              |     2 |     9 |       |       ||    11
         Hand axe          |       |    37 |       |    72 ||   109
 Invoke: Convert to Beogh  |     1 |       |       |       ||     1
         Recruit Apostle   |       |       |     1 |     2 ||     3
         Recall Apostles   |       |       |       |     4 ||     4
  Evoke: Wand              |       |       |       |     2 ||     2
    Use: Scroll            |       |       |     7 |    12 ||    19
         Potion            |       |       |     1 |     1 ||     2
   Stab: Distracted        |       |       |       |     3 ||     3
 Armour: Scale mail        |    32 |    33 |   117 |   178 ||   360
  Dodge: Dodged            |    23 |    14 |    54 |    91 ||   182

Table legend: (Time is in decaauts)
 A = Elapsed time spent in this place.
 B = Non-inter-level travel time spent in this place.
 C = Inter-level travel time spent in this place.
 D = Time resting spent in this place.
 E = Time spent auto-exploring this place.
 F = Levels seen in this place.
 G = Mean time per level.
                   A        B        C        D        E       F      G
               +--------+--------+--------+--------+--------+-----+--------+
         Total |  11233 |  10629 |    604 |   1733 |   6158 |  15 |  748.9 |
       Dungeon |   8736 |   8160 |    576 |   1404 |   5120 |  10 |  873.6 |
          Lair |   1445 |   1418 |     27 |    157 |    861 |   2 |  722.5 |
       Ossuary |    165 |    165 |      0 |      0 |     12 |   1 |  165.0 |
        Bailey |    479 |    479 |      0 |    172 |     46 |   1 |  479.0 |
      Gauntlet |    407 |    407 |      0 |      0 |    119 |   1 |  407.0 |
               +--------+--------+--------+--------+--------+-----+--------+

Top non-repeatable levels by time:
     D:8: 1673 daAuts
  Lair:1: 1423 daAuts
     D:7: 1358 daAuts
     D:9: 1050 daAuts
    D:10: 1050 daAuts
     D:1: 855 daAuts
     D:6: 827 daAuts
     D:5: 817 daAuts
     D:2: 566 daAuts
  Bailey: 479 daAuts
     D:3: 442 daAuts
Gauntlet: 407 daAuts
 Ossuary: 165 daAuts
     D:4: 93 daAuts
  Lair:2: 21 daAuts
